 Dungeon Crawl Stone Soup version 0.23.2-40-g277498a001 (webtiles) character file.

Game seed: 14296109297239792169

96 Deathwalker the Skirmisher (level 4, -3/35 HPs)
             Began as a Human Skald on Aug 24, 2019.
             Slain by a hound (6 damage)
             ... while paralysed by Grinder
             ... on level 4 of the Dungeon.
             The game lasted 00:11:30 (3133 turns).

Deathwalker the Skirmisher (Human Skald)            Turns: 3133, Time: 00:11:30

Health: -3/35      AC:  4    Str: 11    XL:     4   Next: 98%
Magic:  0/7        EV:  2    Int: 15    God:
Gold:   66         SH:  0    Dex: 12    Spells: 2/7 levels left

rFire    . . .     SeeInvis .   a - +0 short sword
rCold    . . .     Gourm    .   (no shield)
rNeg     . . .     Faith    .   t - +0 leather armour
rPois    .         Spirit   .   (no helmet)
rElec    .         Reflect  .   (no cloak)
rCorr    .         Harm     .   (no gloves)
MR       .....                  n - +0 pair of boots
Stlth    +.........             (no amulet)
HPRegen  0.11/turn              (no ring)
MPRegen  0.10/turn              (no ring)

@: paralysed, infused, very slightly contaminated
A: no striking features
a: no special abilities


You were on level 4 of the Dungeon.
You were not hungry.

You visited 1 branch of the dungeon, and saw 4 of its levels.

You collected 156 gold pieces.
You spent 90 gold pieces at shops.

Inventory:

Hand Weapons
 a - a +0 short sword (weapon)
 b - a +3 hunting sling
Missiles
 c - 8 tomahawks (quivered)
 g - 15 sling bullets
 i - 96 stones
 A - 46 arrows
 B - 8 curare-tipped needles
Armour
 n - a +0 pair of boots (worn)
 t - a +0 leather armour (worn)
Jewellery
 v - an uncursed ring of stealth {unknown}
 y - a +2 ring of protection {unknown}
Wands
 r - a wand of enslavement (10)
Scrolls
 f - 4 scrolls of identify
 j - 2 scrolls of teleportation {unknown}
 m - 2 scrolls of immolation {unknown}
 o - 2 scrolls of amnesia {unknown}
 p - a scroll of magic mapping {unknown}
 C - a scroll of fog {unknown}
Potions
 e - a potion of haste
 k - a potion of flight
 l - 2 potions of brilliance
 q - a potion of berserk rage
 s - a potion of agility {unknown}
 u - 2 potions of curing
 w - a potion of heal wounds {unknown}
 x - a potion of ambrosia {unknown}
 z - 2 potions of lignification {unknown}
Comestibles
 d - 6 rations


   Skills:
 + Level 3.4 Fighting
 * Level 3.3 Short Blades
 * Level 0.0(0.3) Slings
 + Level 0.8 Throwing
 - Level 1.0 Armour
 - Level 2.0 Dodging
 - Level 2.0 Spellcasting
 - Level 3.0 Charms


You had 2 spell levels left.
You knew the following spells:

 Your Spells              Type           Power        Failure   Level  Hunger
a - Infusion              Chrm           ##..         9%          1    #......
b - Shroud of Golubria    Chrm/Tloc      #.........   24%         2    ###....
c - Song of Slaying       Chrm           ##......     13%         2    ###....

Your spell library contained the following spells:

 Spells                   Type           Power        Failure   Level  Hunger
 Regeneration             Chrm/Necr      #.........   43%         3    ###....
 Spectral Weapon          Hex/Chrm       #.......     43%         3    ###....


Dungeon Overview and Level Annotations

Branches:
Dungeon (4/15)
 Temple: D:4-7

Altars:
Yredelemnul
Zin
The Shining One

Annotations:
D:4 Grinder


Message History

The hound is severely wounded.
The hound bites you but does no damage. Grinder gestures at you.
You suddenly lose the ability to move!
Your shroud bends the hound's attack away.
Your shroud bends the hound's attack away.
Your shroud bends Grinder's attack away.
The hound bites you but does no damage. Grinder hits you but does no damage.
Your shroud bends the hound's attack away.
Your shroud bends the hound's attack away.
Grinder grins, showing sharp teeth.
Grinder gestures at you.
You shrug off the repeated paralysis!
Your shroud unravels.
The hound barely misses you. Grinder hits you.
* * * LOW HITPOINT WARNING * * *
The hound bites you.
* * * LOW HITPOINT WARNING * * *
The hound bites you.
You die...

#.##....#..#
##.#....##.##
#..#...##..#
#....###..## #.####...##
###......####### .
#....÷####......
....#####.######.#.#####
...>..h@5........#÷### #
#########..#.#.#.....# #
#....#...#.#.# #
#....#...#...# #
#....#.........#
#...##.........#
#..............#
#....#.........#
#....#.........#


You could see Grinder and a hound.

Vanquished Creatures
  3 adders (D:2)
  An ooze (D:3)
  4 worms (D:2)
  2 dart slugs (D:1)
  A leopard gecko (D:2)
  5 bats
  3 giant cockroaches
  7 goblins
  6 hobgoblins
  6 kobolds
  A quokka (D:3)
  8 frilled lizards
  5 rats
52 creatures vanquished.

Notes
Turn   | Place    | Note
-------+----------+-------------------------------------------
     0 | D:1      | Deathwalker the Human Skald began the quest for the Orb.
     0 | D:1      | Reached XP level 1. HP: 16/16 MP: 3/3
   231 | D:1      | Reached XP level 2. HP: 18/22 MP: 5/5
   238 | D:1      | Learned a level 2 spell: Shroud of Golubria
   241 | D:1      | Learned a level 2 spell: Song of Slaying
   546 | D:1      | Reached XP level 3. HP: 22/28 MP: 6/6
  1674 | D:2      | Reached XP level 4. HP: 34/35 MP: 3/7
  2426 | D:3      | Found Zin's Purification Station.
  2436 | D:3      | Found a glowing silver altar of Zin.
  2810 | D:3      | Found a basalt altar of Yredelemnul.
  2813 | D:3      | Noticed a profane servitor
  2822 | D:3      | Found a glowing golden altar of the Shining One.
  2830 | D:3      | Noticed an angel
  2944 | D:3      | Bought a potion of curing for 90 gold pieces
  3082 | D:4      | Noticed Grinder
  3128 | D:4      | Paralysed by Grinder for 6 turns
  3133 | D:4      | Slain by a hound

Skill      XL: |  1  2  3 |
---------------+----------+-----
Fighting       | 3 |  3.4
Short Blades   | 3 |  3.3
Throwing       | |  0.8
Armour         | |  1.0
Dodging        | |  2.0
Spellcasting   | |  2.0
Charms         | |  3.0

Action                   |  1- 3 |  4- 6 || total
-------------------------+-------+-------++-------
Melee: Short sword       |    96 |    88 ||   184
 Fire: Hunting sling     |     6 |    27 ||    33
Throw: Tomahawk          |     1 |       ||     1
 Cast: Shroud of Golubri |     4 |     4 ||     8
       Infusion          |     1 |     3 ||     4
  Use: Scroll            |     5 |     1 ||     6
  Eat: Chunk             |     2 |     6 ||     8
Armor: Leather armour    |    37 |    36 ||    73
Dodge: Dodged            |    52 |    68 ||   120
